 Dungeon Crawl Stone Soup version 0.31-a0-841-g038b102fc3 (webtiles) character file.

Game seed: 17132001930680685949

637 subawu the Ruffian (level 7, -1/53 HPs)
             Began as a Gnoll Shapeshifter on Sept 27, 2023.
             Was a Plaything of Xom.
             Slain by a two-headed ogre
             ... wielding a +0 giant club
              (17 damage)
             ... on level 4 of the Dungeon.
             The game lasted 00:12:31 (3492 turns).

subawu the Ruffian (Gnoll Shapeshifter)             Turns: 3492, Time: 00:12:33

Health: -1/53      AC:  5    Str: 15    XL:     7   Next: 50%
Magic:  10/10      EV: 12    Int:  9    God:    Xom [..*...]
Gold:   213        SH:  5    Dex: 12    Spells: 11/11 levels left

rFire   . .          .
                       - Unarmed
rCold   + . .        (no shield)
rNeg    . . .        l - +0 ring mail
rPois   .            (helmet currently unavailable)
rElec   .            (cloak currently unavailable)
rCorr   .            (gloves currently unavailable)
SInv    .            (boots currently unavailable)
Will    .....        h - amulet of reflection
Stlth   +            (no ring)
HPRegen 1.88/turn    (no ring)
MPRegen 0.12/turn

%: reflection
@: beast-form
A: beast (slay +4), fangs 1, strong nose, distributed training, hooves 1, cold
resistance 1, regeneration 2, teleportitis 1, MP-powered wands
a: Begin Untransformation, Renounce Religion


You were on level 4 of the Dungeon.
You worshipped Xom.
You were a toy of Xom.
You were a hulking beast.
You visited 2 branches of the dungeon, and saw 6 of its levels.

You collected 213 gold pieces.

Inventory:

Missiles
 i - 26 stones (quivered)
 p - 10 poisoned darts
Armour
 a - a +0 animal skin
 l - a +0 ring mail (worn)
Magical Staves
 t - a staff of poison
Jewellery
 h - an amulet of reflection (around neck)
 q - an amulet of the acrobat
Talismans
 c - a beast talisman (active)
 d - a flux talisman
Wands
 n - a wand of roots (9)
Scrolls
 g - a scroll of fear {unknown}
 j - 3 scrolls of vulnerability {unknown}
 m - 3 scrolls of identify {unknown}
 r - 2 scrolls of teleportation {unknown}
 u - a scroll of blinking {unknown}
Potions
 b - 2 potions of berserk rage {unknown}
 e - a potion of magic {unknown}
 f - 3 potions of heal wounds {unknown}
 k - 2 potions of curing {unknown}
 o - a potion of attraction {unknown}
 s - 3 potions of degeneration {unknown}


   Skills:
 + Level 3.7 Fighting
 + Level 2.6 Short Blades
 + Level 2.6 Long Blades
 + Level 2.6 Axes
 + Level 2.6 Maces & Flails
 + Level 2.6 Polearms
 + Level 2.6 Staves
 + Level 2.6 Ranged Weapons
 + Level 2.6 Throwing
 + Level 2.6 Armour
 + Level 5.3 Dodging
 + Level 2.6 Stealth
 + Level 2.6 Shields
 + Level 7.1 Unarmed Combat
 + Level 2.6 Spellcasting
 + Level 2.1 Conjurations
 + Level 2.1 Hexes
 + Level 2.1 Summonings
 + Level 2.1 Necromancy
 + Level 2.1 Translocations
 + Level 2.1 Transmutations
 + Level 2.1 Fire Magic
 + Level 2.1 Ice Magic
 + Level 2.1 Air Magic
 + Level 2.1 Earth Magic
 + Level 2.1 Poison Magic
 + Level 2.9 Invocations
 + Level 2.6 Evocations
 + Level 7.0 Shapeshifting


You had 11 spell levels left.
You didn't know any spells.
Your spell library contained the following spells:

 Spells                   Type           Power      Damage    Failure   Level
 Sublimation of Blood     Necr           5%         N/A       36%         2
 Wereblood                Tmut           5%         N/A       36%         2
 Iskenderun's Battlesphe  Conj           5%         2d6       100%        5
 Bombard                  Conj/Erth      2%         9d1       100%        6
 Spellforged Servitor     Conj/Summ      2%         N/A       100%        7
 Summon Hydra             Summ           2%         N/A       100%        7


Dungeon Overview and Level Annotations

Branches:
Dungeon (5/15)             Temple (1/1) D:4

Altars:
Ashenzari
Cheibriados
Gozag
Hepliaklqana
Makhleb
Nemelex Xobeh
Qazlal
Ru
Trog
Uskayaw
Vehumet
Xom
Yredelemnul
The Shining One

Shops:
D:2 [   D:4 *


Innate Abilities, Weirdness & Mutations

You are a hulking beast.
Your limbs bulge with bestial killing power. (Slay +4)
You have very sharp teeth.
Your uncanny sense of smell can sniff out nearby items.
Your experience applies equally to all skills.
You have large cloven feet.
Your flesh is cold resistant. (rC+)
You heal very quickly.
You are occasionally teleported next to monsters.
You expend magic power (3 MP) to strengthen your wands.


Message History

You block the orc's attack.
You climb upwards.
There is a stone staircase leading down here.
The two-headed ogre barely misses you.
The two-headed ogre hits you with a +0 dire flail.
The orc misses you.
You punch the two-headed ogre!
The two-headed ogre is moderately wounded.
The orc hits you but does no damage.
You hit the two-headed ogre.
The two-headed ogre is moderately wounded.
You block the two-headed ogre's attack.
The two-headed ogre hits you with a +0 dire flail.
The orc barely misses you.
You hit the two-headed ogre but do no damage.
You kick the two-headed ogre.
The two-headed ogre is moderately wounded.
The orc barely misses you.
The two-headed ogre hits you with a +0 giant club!
You block the two-headed ogre's attack.
You completely miss the two-headed ogre.
The two-headed ogre is moderately wounded.
You hit the two-headed ogre. You kick the two-headed ogre.
You bite the two-headed ogre.
The two-headed ogre is heavily wounded.
You block the orc's attack.
The two-headed ogre hits you with a +0 giant club!
You emit a cloud of colourful smoke!
The two-headed ogre hits you with a +0 dire flail.
* * * LOW HITPOINT WARNING * * *
You hit the two-headed ogre but do no damage.
The two-headed ogre is heavily wounded.
The orc barely misses you.
You punch the two-headed ogre! You kick the two-headed ogre.
Your punch misses the two-headed ogre.
You bite the two-headed ogre, but do no damage.
The two-headed ogre is heavily wounded.
The two-headed ogre hits you with a +0 giant club!
You die...
Xom snickers!

##..##.####)###.## #..#
#...##......<##..####.#######
.....#####...##.......#.....##
.#....## #...##..............##
#..#...# #...##...............#
#.....## #...##.......∩.......#
#......###...##...............#
##.#.....#...##§.§............#
##.##..).#...#.ohO............#
#..###...#####.§§§..>.........#
.............................##
...###...#####........#.....##
#### ##### #......#########
#......# ########


You could see a two-headed ogre and an orc.

Vanquished Creatures
  Sigmund (D:4)
  2 phantoms (D:4)
  2 jellies
  An iguana (D:3)
  2 orc wizards (D:3)
  8 gnolls
  5 adders
  An ufetubus (D:4)
  3 dart slugs
  3 orcs (D:3)
  2 ball pythons (D:3)
  3 bats
  5 endoplasms
  5 giant cockroaches
  8 goblins
  7 hobgoblins
  2 quokkas
  3 frilled lizards
  6 kobolds
  7 rats
76 creatures vanquished.

Notes
Turn   | Place    | Note
-------+----------+-------------------------------------------
     0 | D:1      | subawu the Gnoll Shapeshifter began the quest for the Orb.
     0 | D:1      | Reached XP level 1. HP: 17/17 MP: 1/1
   211 | D:1      | Found a faded altar of an unknown god.
   211 | D:1      | Noticed a ynoxinul
   462 | D:1      | Reached XP level 2. HP: 23/23 MP: 2/2
   865 | D:2      | Reached XP level 3. HP: 28/28 MP: 3/3
  1012 | D:2      | Found Suyphaen's Armour Shoppe.
  1053 | D:2      | Reached skill level 1 in Invocations
  1155 | D:2      | Found a shimmering altar of Xom.
  1164 | D:2      | Became a worshipper of Xom of Ineffable Intent
  1358 | D:2      | Reached skill level 1 in Short Blades
  1358 | D:2      | Reached skill level 1 in Long Blades
  1358 | D:2      | Reached skill level 1 in Axes
  1358 | D:2      | Reached skill level 1 in Maces & Flails
  1358 | D:2      | Reached skill level 1 in Polearms
  1358 | D:2      | Reached skill level 1 in Staves
  1358 | D:2      | Reached skill level 1 in Ranged Weapons
  1358 | D:2      | Reached skill level 1 in Throwing
  1358 | D:2      | Reached skill level 1 in Armour
  1358 | D:2      | Reached skill level 1 in Stealth
  1358 | D:2      | Reached skill level 1 in Shields
  1358 | D:2      | Reached skill level 1 in Spellcasting
  1358 | D:2      | Reached skill level 1 in Evocations
  1372 | D:3      | Found a sparkling altar of Nemelex Xobeh.
  1491 | D:3      | XOM: silly message
  1495 | D:3      | XOM: divination: detect creatures
  1496 | D:3      | XOM: divination: detect creatures
  1498 | D:3      | XOM: butterfly on damage
  1501 | D:3      | Reached skill level 1 in Conjurations
  1501 | D:3      | Reached skill level 1 in Hexes
  1501 | D:3      | Reached skill level 1 in Summonings
  1501 | D:3      | Reached skill level 1 in Necromancy
  1501 | D:3      | Reached skill level 1 in Translocations
  1501 | D:3      | Reached skill level 1 in Transmutations
  1501 | D:3      | Reached skill level 1 in Fire Magic
  1501 | D:3      | Reached skill level 1 in Ice Magic
  1501 | D:3      | Reached skill level 1 in Air Magic
  1501 | D:3      | Reached skill level 1 in Earth Magic
  1501 | D:3      | Reached skill level 1 in Poison Magic
  1501 | D:3      | Reached XP level 4. HP: 5/34 MP: 5/5
  1602 | D:3      | XOM is BORED!
  1602 | D:3      | XOM: silly message
  1627 | D:3      | XOM: silly message
  1638 | D:3      | XOM: potion effect (might)
  1640 | D:3      | XOM: divination: detect items
  1653 | D:3      | Reached XP level 5. HP: 8/40 MP: 5/7
  1787 | D:3      | XOM: torment (20/40 hp)
  1918 | D:3      | XOM: cloud trail
  2188 | D:3      | XOM: noise
  2213 | D:3      | XOM: cleaving
  2217 | D:3      | Reached XP level 6. HP: 36/47 MP: 8/8
  2368 | D:3      | XOM: 6-stop teleportation journey
  2424 | D:3      | XOM: scenery: 1 doors open
  2452 | D:3      | XOM is BORED!
  2452 | D:3      | XOM: noise
  2495 | D:3      | XOM: give mutations
  2495 | D:3      | Gained mutation: You have large cloven feet. [Xom's grace]
  2495 | D:3      | Gained mutation: Your natural rate of healing is unusually
                  | fast. [Xom's grace]
  2596 | D:3      | XOM: 2-stop teleportation journey
  2772 | D:3      | XOM: divination: detect creatures
  2780 | D:4      | XOM: scenery: create altars
  2794 | D:4      | Reached skill level 5 in Dodging
  2953 | D:4      | XOM: give mutations
  2953 | D:4      | Gained mutation: You are occasionally teleported next to
                  | monsters. [Xom's mischief]
  2953 | D:4      | Gained mutation: You expend magic power (3 MP) to
                  | strengthen your wands. [Xom's mischief]
  2953 | D:4      | Gained mutation: Your flesh is cold resistant. (rC+) [Xom's
                  | mischief]
  2953 | D:4      | Gained mutation: You heal very quickly. [Xom's mischief]
  3023 | D:4      | Found a basalt altar of Yredelemnul.
  3025 | D:4      | Noticed Sigmund
  3028 | D:4      | XOM: fog
  3044 | D:4      | XOM: enchant monster (good)
  3048 | D:4      | XOM: summons friendly iron imp
  3052 | D:4      | Killed Sigmund
  3053 | D:4      | Reached XP level 7. HP: 49/52 MP: 10/10
  3105 | D:4      | Found a staircase to the Ecumenical Temple.
  3121 | Temple   | Entered the Ecumenical Temple
  3174 | D:4      | XOM: silly message
  3183 | D:4      | XOM: cloud trail
  3206 | D:4      | Found Jife's Assorted Antiques.
  3479 | D:5      | Entered Level 5 of the Dungeon
  3479 | D:5      | Noticed a two-headed ogre
  3482 | D:5      | XOM: enchant monster (good)
  3490 | D:4      | XOM: smoke on damage
  3492 | D:4      | Slain by a two-headed ogre

Illustrated notes

Levels and vault maps discovered:
D:1:      psy_arrival_fountain, layout_loops_ring, serial_forest,
          infiniplex_forest_straight_3, infiniplex_forest_clump_double,
          infiniplex_forest_diagonal, infiniplex_forest_clump_curved,
          infiniplex_forest_lined_3, infiniplex_forest_end_2,
          infiniplex_forest_clump_C, infiniplex_forest_clump_small,
          dreamdust_ecumenical_altar_sealed_demon
D:2:      layout_basic, serial_shops, shop, basic_altar
D:3:      layout_basic, nemelex_xobeh_ov_fountains_minmay, serial_glass,
          glass_columns_b, glass_columns_a, minmay_ruptured
D:4:      layout_rooms, mainiacjoe_overflow_small_starburst,
          minmay_temple_entry_wispy, serial_shops, shop, uniq_sigmund
D:5:      layout_loops_ring, mainiacjoe_overflow_surrounded_room, serial_shops,
          nicolae_shop_rolling_square, ebering_ghost_reflecting_pool,
          grunt_ministairs_10, chequers_serial_rivers_marsh,
          minmay_chambers_of_fives, uniq_ijyb, uniq_eustachio
Temple:   nicolae_temple_bog_church

Skill      XL: |  1  2  3  4  5  6  7 |
---------------+----------------------+-----
Invocations    | 1 2 |  2.9
Short Blades   | 1 2 |  2.6
Long Blades    | 1 2 |  2.6
Axes           | 1 2 |  2.6
Maces & Flails | 1 2 |  2.6
Polearms       | 1 2 |  2.6
Staves         | 1 2 |  2.6
Ranged Weapons | 1 2 |  2.6
Throwing       | 1 2 |  2.6
Armour         | 1 2 |  2.6
Stealth        | 1 2 |  2.6
Shields        | 1 2 |  2.6
Spellcasting   | 1 2 |  2.6
Evocations     | 1 2 |  2.6
Conjurations   | 1 2 |  2.1
Hexes          | 1 2 |  2.1
Summonings     | 1 2 |  2.1
Necromancy     | 1 2 |  2.1
Translocations | 1 2 |  2.1
Transmutations | 1 2 |  2.1
Fire Magic     | 1 2 |  2.1
Ice Magic      | 1 2 |  2.1
Air Magic      | 1 2 |  2.1
Earth Magic    | 1 2 |  2.1
Poison Magic   | 1 2 |  2.1
Fighting       | 3 |  3.7
Dodging        | 5 |  5.3
Unarmed Combat | 7 |  7.1
Shapeshifting  | 7 |  7.0

Action                     |  1- 3 |  4- 6 |  7- 9 || total
---------------------------+-------+-------+-------++-------
  Melee: Unarmed           |    60 |    80 |    28 ||   168
         Bite              |     5 |     5 |     5 ||    15
         Punch             |     1 |     2 |     1 ||     4
         Kick              |       |    11 |    14 ||    25
  Throw: Stone             |       |     1 |       ||     1
    Use: Potion            |       |     1 |       ||     1
   Stab: Sleeping          |     1 |     1 |     1 ||     3
 Armour: Animal skin       |    13 |       |       ||    13
         Skin              |     9 |     9 |       ||    18
         Ring mail         |       |    41 |    19 ||    60
  Dodge: Dodged            |    47 |    57 |    18 ||   122
  Block: Other             |     6 |    21 |     6 ||    33
         Reflection        |     1 |       |       ||     1

Table legend: (Time is in decaauts)
 A = Elapsed time spent in this place.
 B = Non-inter-level travel time spent in this place.
 C = Inter-level travel time spent in this place.
 D = Time resting spent in this place.
 E = Time spent auto-exploring this place.
 F = Levels seen in this place.
 G = Mean time per level.
                   A        B        C        D        E       F      G
               +--------+--------+--------+--------+--------+-----+--------+
         Total |   3474 |   3308 |    166 |    279 |   1779 |   6 |  579.0 |
       Dungeon |   3425 |   3267 |    158 |    279 |   1779 |   5 |  685.0 |
        Temple |     49 |     41 |      8 |      0 |      0 |   1 |   49.0 |
               +--------+--------+--------+--------+--------+-----+--------+

Top non-repeatable levels by time:
     D:3: 1400 daAuts
     D:1: 789 daAuts
     D:4: 655 daAuts
     D:2: 576 daAuts
  Temple: 49 daAuts
     D:5: 4 daAuts
